 Dungeon Crawl Stone Soup version 0.30-a0-1066-g63dfefce0d (webtiles) character file.

Game seed: 5145654703055823224

336 GigaChad the Shield-Bearer (level 6, -3/49 HPs)
             Began as a Formicid Fighter on Apr 12, 2023.
             Slain by Likado's ghost (6 damage)
             ... on level 4 of the Dungeon.
             The game lasted 00:08:29 (3181 turns).

GigaChad the Shield-Bearer (Formicid Fighter)       Turns: 3181, Time: 00:08:30

Health: -3/49      AC: 11    Str: 25    XL:     6   Next: 84%
Magic:  0/6        EV:  7    Int:  8    God:
Gold:   240        SH:  5    Dex: 13    Spells: 5/5 levels left

rFire   . . .      SeeInvis +    a - +0 war axe
rCold   . . .      Faith    .    c - +0 buckler
rNeg    . . .      Spirit   +    u - +0 plate armour
rPois   .          Reflect  .    (helmet unavailable)
rElec   .          Rampage  .    (no cloak)
rCorr   .                        (no gloves)
Will    .....                    (no boots) Stlth
                                 i - amulet "Liemeiro" {Spirit Str+3}
HPRegen 0.28/turn                (no ring)
MPRegen 0.10/turn                (no ring)

@: no status effects
A: permanent stasis, dig shafts and tunnels, antennae 3, four strong arms
a: Dig, Shaft Self


You were on level 4 of the Dungeon.
You visited 2 branches of the dungeon, and saw 5 of its levels.

You collected 240 gold pieces.

Inventory:

Hand Weapons
 a - a +0 war axe (weapon)
 p - the +1 dagger "Lups" {chaos, Fly Will+ Dex+3}
   (You found it on level 3 of the Dungeon)

   Dex:       It affects your dexterity (+3).
   Fly:       It grants you flight.
   Will:      It increases your willpower.
Armour
 b - a +0 scale mail
 c - a +0 buckler (worn)
 k - a +0 chain mail
 u - a +0 plate armour (worn)
Jewellery
 i - the amulet "Liemeiro" (around neck) {Spirit Str+3}
   (You acquired it on level 2 of the Dungeon)

   [amulet of guardian spirit]

   It causes incoming damage to be divided between your reserves of health and
   magic.
   Str:       It affects your strength (+3).
Scrolls
 e - 4 scrolls of immolation
 f - a scroll of noise {unknown}
 g - 3 scrolls of teleportation
 l - 3 scrolls of identify
 o - a scroll of silence
 r - 2 scrolls of enchant weapon {unknown}
Potions
 d - a potion of might
 h - a potion of curing {unknown}
 j - a potion of invisibility
 m - a potion of lignification {unknown}
 n - a potion of attraction {unknown}
 q - a potion of brilliance {unknown}
 s - a potion of ambrosia {unknown}
 t - a potion of resistance {unknown}


   Skills:
 * Level 4.4 Fighting
 * Level 0.8 Short Blades
 * Level 4.8 Axes
 - Level 4.0 Armour
 * Level 1.1 Dodging
 - Level 0.1 Stealth
 - Level 5.0 Shields


You had 5 spell levels left.
You didn't know any spells.
Your spell library was empty.

Dungeon Overview and Level Annotations

Branches:
Dungeon (4/15)             Temple (1/1) D:4

Altars:
Dithmenos
Elyvilon
Hepliaklqana
Makhleb
Nemelex Xobeh
Okawaru
Qazlal
Sif Muna
Vehumet
Wu Jian
Xom
Yredelemnul
Zin

Annotations:
D:4 Likado's ghost, novice AtFi


Innate Abilities, Weirdness & Mutations

You cannot be hasted, slowed, berserked, paralysed or teleported.
You can dig through walls and to a lower floor.
You have a pair of large antennae on your head. (SInv)
Your four strong arms can wield two-handed weapons with a shield.


Message History

You completely miss Likado's ghost. Likado's ghost hits you!
You hit Likado's ghost but do no damage.
Likado's ghost closely misses you. Likado's ghost barely misses you.
You barely miss Likado's ghost. Likado's ghost barely misses you.
You closely miss Likado's ghost. Likado's ghost barely misses you.
You hit Likado's ghost.
Likado's ghost is lightly damaged.
You block Likado's ghost's attack. Likado's ghost hits you!
You hit Likado's ghost.
Likado's ghost is lightly damaged.
Likado's ghost says, "I am invincible!"
Likado's ghost hits you but does no damage.
You hit Likado's ghost.
Likado's ghost is lightly damaged.
Likado's ghost hits you but does no damage.
You hit Likado's ghost.
Likado's ghost is lightly damaged.
Likado's ghost hits you but does no damage.
You slash Likado's ghost!
Likado's ghost is moderately damaged.
Likado's ghost hits you.
Likado's ghost says, "Destruction is an occupation beyond life."
Likado's ghost completely misses you.
You hit Likado's ghost.
Likado's ghost is heavily damaged.
Likado's ghost hits you but does no damage.
You hit Likado's ghost but do no damage.
Likado's ghost is heavily damaged.
Likado's ghost hits you!
* * * LOW HITPOINT WARNING * * *
You slash Likado's ghost!
Likado's ghost is heavily damaged.
Likado's ghost hits you!
* * * LOW HITPOINT WARNING * * *
Likado's ghost hits you.
* * * LOW HITPOINT WARNING * * *
You hit Likado's ghost but do no damage.
Likado's ghost is heavily damaged.
Likado's ghost hits you!
You die...

#.......# ##.....##
##....... ###.......#
#.........# ##########
####.#........
#..#(..(.#
#....##.....##
#########..#...(.#
#.######....#
...........'.$.W@###.#
####<#
.......#...'....(##..#
#.#
.......##(.'..♣..#..##
#.##
.......##..#(...(#.##
#..#
.......##..#.....#.#
###..
..)....###########.#
###.... .......##...#
#.# ####......
.......# #...#####.#
##....#.... .......#
#...##..# ##..#.......


You could see Likado's ghost.

Vanquished Creatures
  An ogre (D:4)
  A jelly (D:4)
  2 hounds (D:4)
  3 gnolls (D:4)
  7 adders
  2 dart slugs
  9 endoplasms
  5 giant cockroaches
  10 goblins
  4 hobgoblins
  2 jackals (D:1)
  2 quokkas
  7 ball pythons
  2 bats
  10 kobolds
  7 rats
74 creatures vanquished.

Notes
Turn   | Place    | Note
-------+----------+-------------------------------------------
     0 | D:1      | GigaChad the Formicid Fighter began the quest for the Orb.
     0 | D:1      | Reached XP level 1. HP: 18/18 MP: 1/1
   200 | D:1      | Reached XP level 2. HP: 24/24 MP: 2/2
   470 | D:1      | Found a faded altar of an unknown god.
   486 | D:1      | Reached XP level 3. HP: 29/29 MP: 3/3
   886 | D:2      | Identified a scroll of acquirement
   886 | D:2      | Acquired the amulet "Liemeiro" {Spirit Str+3}
   993 | D:2      | Found a glowing silver altar of Zin.
  1136 | D:2      | Reached XP level 4. HP: 36/36 MP: 4/4
  1786 | D:3      | Found a shimmering blue altar of Sif Muna.
  1818 | D:3      | Identified the +1 dagger "Lups" {chaos, Fly Will+ Dex+3}
  1909 | D:3      | Reached XP level 5. HP: 42/42 MP: 5/5
  2116 | D:3      | Found a sparkling altar of Nemelex Xobeh.
  2194 | D:4      | Noticed an ogre
  2202 | D:4      | Killed an ogre
  2203 | D:4      | Reached skill level 5 in Shields
  2203 | D:4      | Reached XP level 6. HP: 20/48 MP: 2/6
  2488 | D:4      | Found an iron altar of Okawaru.
  2666 | D:4      | Reached skill level 1 in Dodging
  2677 | D:4      | Identified the +2 robe of Ivoc {rF- rN+ MP+9}
  2742 | D:4      | Found a staircase to the Ecumenical Temple.
  2774 | Temple   | Entered the Ecumenical Temple
  3152 | D:4      | Found a runed translucent gate.
  3152 | D:4      | Found a runed translucent gate.
  3152 | D:4      | Found a runed translucent gate.
  3157 | D:4      | Noticed Likado's ghost (novice AtFi)
  3180 | D:4      | HP: 2/49 [Likado's ghost (1)]
  3181 | D:4      | Slain by Likado's ghost

Illustrated notes

Levels and vault maps discovered:
D:1:      roderic_dead_forest, layout_loops_ring,
          shapermc_ecumenical_altar_notcrosses
D:2:      layout_loops_cross, basic_altar, serial_park_tiny_1,
          minmay_misc_feat_roman, chequers_mini_garden,
          grunt_decor_mini_mirrors, grunt_ministairs_8
D:3:      layout_rooms, mainiacjoe_overflow_brackets,
          mainiacjoe_overflow_six_doors_small, minmay_misc_feat_four_crosses
D:4:      layout_rooms, mainiacjoe_overflow_surrounded_room,
          minmay_temple_entry_butterflies, ebering_ghost_rock_garden
Temple:   kb_temple_of_zot

Skill      XL: |  1  2  3  4  5  6 |
---------------+-------------------+-----
Axes           | 3 4 |  4.8
Fighting       | 4 |  4.4
Armour         | 4 |  4.0
Shields        | 5 |  5.0
Dodging        | 1 |  1.1
Short Blades   | |  0.8
Stealth        | |  0.1

Action                     |  1- 3 |  4- 6 || total
---------------------------+-------+-------++-------
  Melee: War axe           |    97 |   137 ||   234
    Use: Scroll            |     6 |       ||     6
 Armour: Scale mail        |    53 |       ||    53
         Chain mail        |     2 |    77 ||    79
         Plate armour      |       |     7 ||     7
  Dodge: Dodged            |    50 |    67 ||   117
  Block: Buckler           |    30 |    39 ||    69

Table legend: (Time is in decaauts)
 A = Elapsed time spent in this place.
 B = Non-inter-level travel time spent in this place.
 C = Inter-level travel time spent in this place.
 D = Time resting spent in this place.
 E = Time spent auto-exploring this place.
 F = Levels seen in this place.
 G = Mean time per level.
                   A        B        C        D        E       F      G
               +--------+--------+--------+--------+--------+-----+--------+
         Total |   3267 |   3222 |     45 |    281 |   1847 |   5 |  653.4 |
       Dungeon |   3120 |   3075 |     45 |    281 |   1762 |   4 |  780.0 |
        Temple |    147 |    147 |      0 |      0 |     85 |   1 |  147.0 |
               +--------+--------+--------+--------+--------+-----+--------+

Top non-repeatable levels by time:
     D:1: 886 daAuts
     D:4: 866 daAuts
     D:2: 822 daAuts
     D:3: 544 daAuts
  Temple: 147 daAuts
